Map: Eastwatch LE

Players

Juxtapose

  • Race: Terran Terran
  • League: Platinum
  • Spawn Location: 7:00

ChompChomp - Winner!

  • Race: Zerg Zerg
  • League: Platinum
  • Spawn Location: 1:00

VOD

https://youtu.be/sqfvvHIHyK0

Description

This time while I didn't rush, I tried to still attack early enough while securing resources.

Things don't go perfectly how I'd hoped, and by the end I decided it was time to go and practice elsewhere.

Time

  • Played on: Feb. 11, 2018, 11:11 a.m.
  • Length: 9:13
Show
View Real Time Build Order
Export as new Build Order

Juxtapose Terran 

Build Orders:  

Get SALT Encoding   

  12  0:01  SCV  
  13  0:13  SCV  
  14  0:22  Supply Depot  
  14  0:25  SCV  
  15  0:43  SCV  
  15  0:45  Barracks  
  15  0:48  Supply Depot  
  16  0:55  SCV  
  17  0:59  Refinery  
  17  1:07  SCV  
  18  1:17  Refinery  
  18  1:20  SCV  
  19  1:33  Orbital Command  
  19  1:39  Marine  
  20  1:48  Engineering Bay  
  20  1:55  Factory  
  20  2:01  SCV  
  21  2:04  Barracks Reactor  
  21  2:22  Terran Infantry Weapons Level 1  
  21  2:28  Supply Depot  
  20  2:41  Factory Tech Lab  
  20  2:42  Marine x2  
  22  3:00  Supply Depot, Marine x2, SCV  
  22  3:04  Missile Turret  
  25  3:10  Siege Tank  
  25  3:12  SCV  
  29  3:17  Marine  
  29  3:18  Marine  
  31  3:24  SCV  
  31  3:27  Supply Depot  
  32  3:35  Marine x2  
  34  3:42  Siege Tank  
  37  3:56  Marine  
  37  3:57  Marine  
  39  4:09  Supply Depot  
  39  4:14  Marine x2, Siege Tank  
  44  4:21  Terran Infantry Armor Level 1  
  44  4:32  Marine x2  
  46  4:43  Command Center  
  46  4:50  Marine  
  47  4:57  Marine  
  48  5:07  Barracks  
  48  5:08  Marine  
  49  5:14  Marine  
  50  5:24  Siege Tank  
  50  5:25  Marine  
  39  5:57  Marine  
  39  5:58  Marine  
  39  5:59  Barracks Tech Lab  
  41  6:05  SCV  
  41  6:08  Siege Tank  
  45  6:15  Marine x2  
  45  6:17  SCV  
  48  6:23  Marine  
  49  6:31  Stimpack  
  49  6:33  Marine x2  
  49  6:37  Starport  
  49  6:39  Orbital Command  
  51  6:41  Marine  
  49  7:05  Marine x2  
  49  7:06  Marine  
  52  7:22  Siege Tank  
  52  7:23  Marine x3  
  52  7:41  Marine x2  
  54  7:51  Marine  
  54  7:55  Starport Reactor  
  55  7:59  Marine  
  46  8:19  SCV x2  
  48  8:24  Missile Turret  
  48  8:27  Marine x2  
  48  8:31  SCV x2  
  52  8:35  Barracks, Medivac x2  
  52  8:38  Siege Tank  
  52  8:39  Marine  
  60  8:43  SCV  
  60  8:44  SCV  
  60  8:45  Marine x2  
  64  8:55  SCV  
Show
View Real Time Build Order
Export as new Build Order

ChompChomp Zerg - Winner!

Build Orders: Hatch First 

Get SALT Encoding   

  12  0:01  Drone  
  13  0:13  Overlord  
  13  0:20  Drone  
  14  0:31  Drone x2  
  16  0:38  Drone  
  17  0:58  Hatchery  
  17  1:01  Drone  
  17  1:13  Spawning Pool  
  17  1:14  Drone  
  17  1:18  Extractor  
  17  1:23  Drone x2  
  18  1:29  Drone  
  19  1:44  Overlord  
  19  2:00  Zergling x2, Queen  
  22  2:02  Zergling x2  
  23  2:10  Queen  
  25  2:19  Metabolic Boost  
  25  2:25  Drone  
  25  2:26  Drone x3  
  29  2:45  Drone  
  29  2:46  Drone x3, Extractor  
  32  2:56  Lair  
  32  3:06  Drone x2  
  32  3:08  Drone  
  34  3:20  Drone  
  34  3:23  Overlord x2  
  35  3:49  Drone x8, Extractor x2  
  35  3:50  Drone  
  42  4:01  Roach Warren  
  41  4:16  Drone x3  
  44  4:17  Hatchery  
  44  4:23  Queen  
  45  4:31  Evolution Chamber  
  45  4:34  Evolution Chamber  
  45  4:36  Zergling x10  
  45  4:37  Zergling x2  
  49  4:42  Spine Crawler  
  49  4:43  Spine Crawler  
  49  4:44  Roach  
  49  4:45  Roach  
  51  4:49  Overlord  
  51  5:05  Glial Reconstitution  
  51  5:14  Roach  
  51  5:15  Roach x3  
  51  5:16  Overlord  
  51  5:19  Overlord  
  59  5:34  Drone x2  
  59  5:35  Drone  
  53  5:47  Roach x6  
  55  6:13  Zerg Missile Weapons Level 1, Zerg Ground Armor Level 1  
  55  6:16  Roach x5  
  65  6:41  Drone  
  65  6:42  Drone  
  65  6:43  Drone x5  
  70  6:57  Roach  
  70  6:58  Roach x6  
  81  7:03  Zergling x2  
  70  7:23  Zergling x2  
  70  7:24  Zergling x18  
  73  7:34  Roach  
  73  7:35  Roach x2  
  75  7:45  Spire  
  74  7:58  Roach  
  63  8:11  Roach  
  63  8:12  Roach x9  
  76  8:16  Overlord  
  76  8:29  Overlord  
  76  8:30  Overlord x2  
  76  8:38  Ravager x8  
  84  8:47  Spire  
  84  9:12  Hatchery  
Tags
 
Add a new tag
Caveats
  • Supply blocks, unpowered buildings, or Contaminate may cause inaccurate times.
  • Supply counts are checked every 10 seconds.